 Dungeon Crawl Stone Soup version 0.31-a0-986-g5e6e4ef867 (webtiles) character file.

Game seed: 6056489275137236196

23 Aldia the Conjurer (level 2, 0/15 HPs)
             Began as a Deep Elf Conjurer on Nov 19, 2023.
             Slain by a kobold
             ... wielding a +0 club
              (4 damage)
             ... on level 1 of the Dungeon.
             The game lasted 00:01:09 (353 turns).

Aldia the Conjurer (Deep Elf Conjurer)               Turns: 353, Time: 00:01:09

Health: 0/15       AC:  2    Str:  4    XL:     2   Next: 72%
Magic:  8/8        EV: 12    Int: 22    God:
Gold:   31         SH:  0    Dex: 13    Spells: 4/7 levels left

rFire   . . .        c - +0 dagger
rCold   . . .        (no shield)
rNeg    . . .        a - +0 robe
rPois   .            (no helmet)
rElec   .            (no cloak)
rCorr   .            (no gloves)
SInv    .            (no boots)
Will    .....        (no amulet)
Stlth   ++           (no ring)
HPRegen 0.22/turn    (no ring)
MPRegen 0.11/turn

%: no passive effects
@: no status effects
A: no striking features
a: no special abilities


You were on level 1 of the Dungeon.
You visited 1 branch of the dungeon, and saw 1 of its levels.

You collected 31 gold pieces.

Inventory:

Hand Weapons
 c - a +0 dagger (weapon)
Armour
 a - a +0 robe (worn)
Scrolls
 e - a scroll of noise {unknown}
 f - a scroll of revelation {unknown}
Potions
 d - a potion of berserk rage {unknown}


   Skills:
 + Level 2.9 Dodging
 + Level 3.0 Stealth
 + Level 3.4 Spellcasting
 + Level 4.6 Conjurations


You had 4 spell levels left.
You knew the following spells:

 Your Spells              Type           Power      Damage    Failure   Level
a - Magic Dart            Conj           96%        1d7       1%          1
b - Searing Ray           Conj           48%        2d6       2%          2

Your spell library contained the following spells:

 Spells                   Type           Power      Damage    Failure   Level
 Dazzling Flash           Conj/Hex       28%        N/A       14%         3
 Fulminant Prism          Conj/Hex       7%         3d7       41%         4
 Iskenderun's Mystic Bla  Conj/Tloc      14%        2d5       41%         4


Dungeon Overview and Level Annotations

Branches:
Dungeon (1/15)

Altars:


Message History

A kobold comes into view. It is wielding a +0 club.
A goblin comes into view. It is wielding a +0 club.
The magic dart hits the kobold but does no damage.
The goblin shouts!
An endoplasm comes into view.
The magic dart hits the kobold.
You kill the kobold!
Your Stealth skill increases to level 3!
The kobold throws a stone.
The stone closely misses you.
The magic dart hits the goblin.
The goblin is moderately wounded.
The magic dart hits the goblin.
The goblin is heavily wounded.
The magic dart hits the goblin.
You kill the goblin!
The magic dart hits the endoplasm.
The endoplasm is severely wounded.
The magic dart hits the endoplasm.
You kill the endoplasm!
The magic dart hits the kobold but does no damage.
You closely miss the kobold. The kobold completely misses you.
You completely miss the kobold. The kobold closely misses you.
You hit the kobold.
You kill the kobold!
You miss the kobold. The kobold hits you with a +0 club.
You hit the kobold but do no damage. The kobold hits you with a +0 club.
You closely miss the kobold. The kobold closely misses you.
You miss the kobold. The kobold hits you but does no damage.
You closely miss the kobold. The kobold misses you.
The magic dart hits the kobold.
The kobold is moderately wounded.
The kobold hits you with a +0 club.
You hit the kobold but do no damage. The kobold hits you with a +0 club.
* * * LOW HITPOINT WARNING * * *
You are too injured to fight recklessly!
You are too injured to fight recklessly!
Magic courses through your body.
A jackal comes into view.
The kobold hits you with a +0 club.
You die...

[.. ... ... .... ....
... ....#. .... ...
>..(. ...# #.#####..#
#.. #.......#.###.#
#.......##...#
#####........#...#
............##..@##
............#.###K#
..###†.......## ##.h#
###
#..................
#..........##...##)..
#.......##.>..... .[
#.....### ........
...#.#.# .........
###.#...# ........)


You could see a jackal (wandering) and a kobold.

Vanquished Creatures
  A gnoll (D:1)
  A dart slug (D:1)
  An endoplasm (D:1)
  A goblin (D:1)
  2 hobgoblins (D:1)
  3 kobolds (D:1)
  A frilled lizard (D:1)
  2 rats (D:1)
12 creatures vanquished.

Notes
Turn   | Place    | Note
-------+----------+-------------------------------------------
     0 | D:1      | Aldia the Deep Elf Conjurer began the quest for the Orb.
     0 | D:1      | Reached XP level 1. HP: 10/10 MP: 6/6
    96 | D:1      | Reached XP level 2. HP: 15/15 MP: 1/8
   100 | D:1      | Learned a level 2 spell: Searing Ray
   353 | D:1      | Slain by a kobold

Illustrated notes

Levels and vault maps discovered:
D:1:      minmay_arrival_widening_spiral_wide, layout_rooms, minmay_heptomino_d4

Skill      XL: |  1  2 |
---------------+-------+-----
Stealth        | 3 |  3.0
Dodging        | |  2.9
Spellcasting   | |  3.4
Conjurations   | |  4.6

Action                     || total
---------------------------++-------
  Melee: Dagger            ||     9
   Cast: Magic Dart        ||    29
    Use: Potion            ||     1
 Armour: Robe              ||     6
  Dodge: Dodged            ||     6

Table legend: (Time is in decaauts)
 A = Elapsed time spent in this place.
 B = Non-inter-level travel time spent in this place.
 C = Inter-level travel time spent in this place.
 D = Time resting spent in this place.
 E = Time spent auto-exploring this place.
 F = Levels seen in this place.
 G = Mean time per level.
                   A        B        C        D        E       F      G
               +--------+--------+--------+--------+--------+-----+--------+
         Total |    352 |    352 |      0 |      0 |    289 |   1 |  352.0 |
       Dungeon |    352 |    352 |      0 |      0 |    289 |   1 |  352.0 |
               +--------+--------+--------+--------+--------+-----+--------+

Top non-repeatable levels by time:
     D:1: 352 daAuts
